 Dungeon Crawl Stone Soup version 0.22-a0-456-g11ed031617 (webtiles) character file.

142 RedPan the Firebug (level 5, -2/38 HPs)
             Began as a Draconian Fire Elementalist on June 6, 2018.
             Slain by Grinder (5 damage)
             ... on level 3 of the Dungeon.
             The game lasted 00:09:57 (3953 turns).

RedPan the Firebug (Draconian Fire Elementalist)    Turns: 3953, Time: 00:09:58

Health: -2/38      AC:  6    Str: 10    XL:     5   Next: 4%
Magic:  1/9        EV: 13    Int: 17    God:
Gold:   49         SH:  0    Dex: 11    Spells: 3/9 levels left

rFire    . . .     SeeInvis .   e - +1 whip
rCold    + . .     Gourm    .   (no shield)
rNeg     . . .     Faith    .   (armour unavailable)
rPois    .         Spirit   .   (helmet restricted)
rElec    .         Reflect  .   (no cloak)
rCorr    .         Harm     .   (no gloves)
MR       .....                  a - +0 pair of boots
Stlth    ++........             (no amulet)
HPRegen  0.12/turn              i - ring of protection from cold
MPRegen  0.11/turn              (no ring)

@: no status effects
A: unfitting armour, cold-blooded, AC +5
a: no special abilities


You were on level 3 of the Dungeon.
You were hungry.

You visited 1 branch of the dungeon, and saw 4 of its levels.

You collected 49 gold pieces.

Inventory:

Hand Weapons
 e - a +1 whip (weapon)
Armour
 a - a +0 pair of boots (worn)
Jewellery
 i - a ring of protection from cold (left hand)
Scrolls
 c - 2 scrolls of teleportation
 g - 2 scrolls of remove curse
Potions
 f - a potion of agility {unknown}
 h - a potion of magic {unknown}
 j - a potion of flight {unknown}
Comestibles
 b - 7 rations


   Skills:
 + Level 2.8 Dodging
 - Level 1.7 Stealth
 + Level 2.8 Spellcasting
 + Level 2.5 Conjurations
 + Level 3.8 Fire Magic


You had 3 spell levels left.
You knew the following spells:

 Your Spells              Type           Power        Failure   Level  Hunger
a - Flame Tongue          Conj/Fire      ##...        4%          1    #......
b - Throw Flame           Conj/Fire      ##....       7%          2    ##.....
c - Conjure Flame         Conj/Fire      ##......     14%         3    ###....

Your spell library contained the following spells:

 Spells                   Type           Power        Failure   Level  Hunger
 Fireball                 Conj/Fire      ##........   78%         5    ######.
 Sticky Flame             Conj/Fire      ##......     43%         4    #####..
 Inner Flame              Hex/Fire       #.......     24%         3    ###....


Dungeon Overview and Level Annotations

Branches:
Dungeon (4/15)
 Temple: D:4-7

Altars:

Annotations:
D:3 Grinder


Innate Abilities, Weirdness & Mutations

Your plain brown scales are hard. (AC +5)
You cannot fit into any form of body armour.
You are cold-blooded and may be slowed by cold attacks.


Message History

Aiming: Flame Tongue (safe; 4% risk of failure)
Press: ? - help, Shift-Dir - straight line, f/p - Grinder
Aim: Grinder (severely wounded)
The flame tongue misses Grinder.
Grinder barely misses you.
You hit Grinder.
Grinder is severely wounded.
Grinder closely misses you.
You closely miss Grinder.
Grinder is severely wounded.
Grinder hits you.
You writhe in agony.
You hit Grinder but do no damage.
Grinder is severely wounded.
Grinder hits you.
You writhe in agony.
* * * LOW HITPOINT WARNING * * *
You hit Grinder. You tail-slap Grinder.
Grinder is almost dead.
Grinder hits you.
* * * LOW HITPOINT WARNING * * *
You writhe in agony.
You die...

#...# #...# #...#
###########...#
#.............# ###########
#.............# ..........#
#.............#
..........####.............#
..........5@.'..............
..........####...........##.
..........####...........##.
........>....'..............
.........5.###..............
##########.# #..)...........
#....###..)...........
###.##..........####....
#..[#...........# #....


You could see Grinder.

Vanquished Creatures
  Terence (D:3)
  4 adders
  4 dart slugs
  2 leopard geckos
  6 orcs (D:3)
  13 bats
  4 giant cockroaches
  3 goblins
  9 hobgoblins
  2 jackals (D:1)
  A quokka (D:2)
  4 frilled lizards
  5 kobolds
  5 rats
63 creatures vanquished.

Notes
Turn   | Place    | Note
-------+----------+-------------------------------------------
     0 | D:1      | RedPan the Draconian Fire Elementalist began the quest for the Orb.
     0 | D:1      | Reached XP level 1. HP: 14/14 MP: 3/3
   430 | D:1      | Reached XP level 2. HP: 20/20 MP: 3/5
  1137 | D:2      | Learned a level 2 spell: Throw Flame
  1436 | D:2      | Reached XP level 3. HP: 21/26 MP: 0/6
  2720 | D:3      | Learned a level 3 spell: Conjure Flame
  3026 | D:3      | Reached XP level 4. HP: 25/33 MP: 4/7
  3155 | D:3      | Noticed Grinder
  3513 | D:3      | Noticed Terence
  3532 | D:3      | Killed Terence
  3901 | D:3      | Reached XP level 5. HP: 28/38 MP: 0/9
  3943 | D:3      | Paralysed by Grinder for 6 turns
  3953 | D:3      | Slain by Grinder

Vault maps used:
D:1:      eino_arrival_tree_alley, minmay_misc_feat_enclosed
D:2:      nicolae_overflow_hidden_temple, minmay_misc_feat_alley
D:3:      uniq_terence, uniq_grinder
D:4:      doesnt_xom_only_xom

Skill      XL: |  1  2  3 |
---------------+----------+-----
Dodging        | 2 |  2.8
Conjurations   | 2 |  2.5
Stealth        | |  1.7
Spellcasting   | |  2.8
Fire Magic     | |  3.8

Action                   |  1- 3 |  4- 6 || total
-------------------------+-------+-------++-------
Melee: Unarmed           |    16 |       ||    16
       Whip              |    39 |    25 ||    64
       Tailslap          |     4 |     4 ||     8
 Cast: Flame Tongue      |    73 |    49 ||   122
  Use: Scroll            |     6 |       ||     6
  Eat: Chunk             |     7 |     3 ||    10
Armor: Skin              |    36 |    23 ||    59
Dodge: Dodged            |    67 |    23 ||    90

Table legend:
 A = Spawn XP
 B = Non-spawn XP
 C = Spawn XP percentage of total XP
 D = Spawn monster count
 E = Non-spawn monster count
 F = Spawn count percentage of total count
 G = Total turns spent on level
                    A         B        C        D         E        F      G
               +---------+---------+-------+---------+---------+-------+---------
         Total |       0 |     204 |   0.0 |       0 |      63 |   0.0 |  3953
               +---------+---------+-------+---------+---------+-------+---------
           D:1 |       0 |      28 |   0.0 |       0 |      16 |   0.0 |  1049
           D:2 |       0 |      59 |   0.0 |       0 |      25 |   0.0 |  1662
           D:3 |       0 |     103 |   0.0 |       0 |      21 |   0.0 |  1234
           D:4 |       0 |      14 |   0.0 |       0 |       1 |   0.0 |     8
               +---------+---------+-------+---------+---------+-------+---------
